 Dungeon Crawl Stone Soup version 0.26.1-11-gd32895ea62 (webtiles) character file.

Game seed: 14867546870833181691

107 DemonSlayer the Chopper (level 5, -6/42 HPs)
             Began as a Human Berserker on June 8, 2021.
             Was a Believer of Trog.
             Killed from afar by an orc wizard (7 damage)
             ... with a magic dart
             ... on level 2 of the Dungeon.
             The game lasted 00:07:24 (3693 turns).

DemonSlayer the Chopper (Human Berserker)           Turns: 3693, Time: 00:07:25

Health: -6/42      AC:  2    Str: 18    XL:     5   Next: 10%
Magic:  5/5        EV: 13    Int:  7    God:    Trog [**....]
Gold:   59         SH:  0    Dex: 13    Spells: 4/4 levels left

rFire    + . .     SeeInvis .   a - +0 hand axe
rCold    . . .     Faith    .   (no shield)
rNeg     . . .     Spirit   .   b - +0 animal skin
rPois    .         Reflect  .   (no helmet)
rElec    .         Harm     .   (no cloak)
rCorr    +         Rampage  .   (no gloves)
Will     .....                  (no boots)
Stlth    ++........             (no amulet)
HPRegen  0.14/turn              h - ring of protection from fire
MPRegen  0.09/turn              l - ring of resist corrosion

@: lethally poisoned (-6 -> -8), berserk cooldown, slowed, very slow
A: no striking features
a: Renounce Religion, Berserk, Trog's Hand


You were on level 2 of the Dungeon.
You worshipped Trog.
Trog was pleased with you.
You visited 1 branch of the dungeon, and saw 3 of its levels.

You collected 59 gold pieces.

Inventory:

Hand Weapons
 a - a +0 hand axe (weapon)
Armour
 b - a +0 animal skin (worn)
 c - a +0 ring mail
Jewellery
 h - a ring of protection from fire (left hand)
 l - a ring of resist corrosion (right hand)
Scrolls
 i - a scroll of random uselessness {unknown}
 k - a scroll of enchant armour {unknown}
 m - a scroll of remove curse
 n - a scroll of identify {unknown}
Potions
 d - a potion of degeneration {unknown}
 e - a potion of ambrosia {unknown}
 f - 2 potions of invisibility {unknown}
 g - 2 potions of mutation {unknown}
 j - a potion of might {unknown}
 o - a potion of resistance {unknown}
 p - a potion of heal wounds {unknown}


   Skills:
 + Level 3.9 Fighting
 + Level 4.0 Axes
 + Level 2.1 Armour
 + Level 2.7 Dodging
 + Level 1.0 Stealth


You had 4 spell levels left.
You didn't know any spells.
Your spell library was empty.

Dungeon Overview and Level Annotations

Branches:
Dungeon (3/15)

Altars:
Gozag
Sif Muna


Message History

You closely miss something. Something hits you.
You barely miss something.
You feel sick. Something hits you.
* * * LOW HITPOINT WARNING * * *
Something hits you.
* * * LOW HITPOINT WARNING * * *
You completely miss something. Something hits you.
* * * LOW HITPOINT WARNING * * *
You hear some strange, mumbled words.
A magic dart appears from out of thin air!
The magic dart hits you.
* * * LOW HITPOINT WARNING * * *
You barely miss something.
* * * LOW HITPOINT WARNING * * *
You feel sick. Something hits you.
* * * LOW HITPOINT WARNING * * *
You closely miss something. Something completely misses you.
You hear some strange, mumbled words.
A magic dart appears from out of thin air!
The magic dart hits you!
You die...

#.#.###.### ##.## #.# #...##
#.#.....# #####.#####.#####....#
...###### #...................#.
...### #.##........#####....#
.....#######.##..#####.# ##<#.#
..........##.##..# #.# #....
.....####.##.##..# #.# #..#.
...### #)##.##..# #.# #....
...######.##.##.@# #.# #...#
..........##.##{.#####.######.###
########..##.......>........#.#
#..##.##..#####.####.#.###
#..##.....................
######..##.#.........###....###
#.).....##.....................
###.####......#..#########....###
#.....######.##..# ##.#.#


There were no monsters in sight!

Vanquished Creatures
  A howler monkey (D:1)
  An adder (D:3)
  2 dart slugs (D:1)
  2 leopard geckos
  4 bats
  2 giant cockroaches (D:1)
  4 goblins
  8 hobgoblins
  7 jackals (D:1)
  3 quokkas
  A ball python (D:2)
  2 frilled lizards
  6 kobolds
  A quokka zombie (D:2)
  3 rats
47 creatures vanquished.

Notes
Turn   | Place    | Note
-------+----------+-------------------------------------------
     0 | D:1      | DemonSlayer the Human Berserker began the quest for the
                  | Orb.
     0 | D:1      | Reached XP level 1. HP: 18/18 MP: 1/1
    77 | D:1      | Reached XP level 2. HP: 24/24 MP: 2/2
   588 | D:1      | Reached XP level 3. HP: 27/29 MP: 3/3
  1273 | D:1      | Reached ** piety under Trog
  2022 | D:1      | Reached XP level 4. HP: 21/37 MP: 4/4
  3457 | D:2      | Found an opulent altar of Gozag.
  3581 | D:2      | Found a shimmering blue altar of Sif Muna.
  3679 | D:3      | Reached skill level 4 in Axes
  3679 | D:3      | Reached skill level 1 in Stealth
  3679 | D:3      | Reached XP level 5. HP: 42/42 MP: 5/5
  3692 | D:2      | HP: 2/42 [poisoned by a kobold]
  3693 | D:2      | Killed from afar by an orc wizard

Illustrated notes

Levels and vault maps discovered:
D:1:      lordsloth_arrival_two_stooges, layout_loops_ring, serial_aquarium,
          aquarium_bridge_square [aquarium_subvault_window,
          aquarium_subvault_bridge, aquarium_subvault_window,
          aquarium_subvault_window], aquarium_window_2, aquarium_window_2,
          aquarium_window_fake, aquarium_window_corner, aquarium_view_2d,
          aquarium_view_2c, aquarium_pool_2
D:2:      layout_loops_ring, grunt_gozag_breadcrumbs, led_sif_pool
D:3:      layout_loops_corners, lemuel_coloured_pillars_altar,
          general_overflow_altar

Skill      XL: |  1  2  3  4 |
---------------+-------------+-----
Axes           | 4 |  4.0
Stealth        | 1 |  1.0
Fighting       | |  3.9
Armour         | |  2.1
Dodging        | |  2.7

Action                   |  1- 3 |  4- 6 || total
-------------------------+-------+-------++-------
Melee: Hand axe          |    81 |    43 ||   124
Invok: Berserk           |     5 |     2 ||     7
  Use: Scroll            |     1 |     2 ||     3
 Stab: Distracted        |       |     1 ||     1
       Sleeping          |       |     1 ||     1
Armor: Animal skin       |    19 |     7 ||    26
Dodge: Dodged            |    74 |    25 ||    99
